 Dungeon Crawl Stone Soup version 0.24-a0-342-gad4687c37d (webtiles) character file.

Game seed: 18144988672192284321

61 night the Ruffian (level 4, -3/25 HPs)
             Began as a Gargoyle Transmuter on May 21, 2019.
             Splashed by a jelly's acid (9 damage)
             ... on level 3 of the Dungeon.
             The game lasted 00:06:31 (3066 turns).

night the Ruffian (Gargoyle Transmuter)             Turns: 3066, Time: 00:06:32

Health: -3/25      AC:  5    Str: 13    XL:     4   Next: 7%
Magic:  7/7        EV:  7    Int: 15    God:
Gold:   115        SH: 12    Dex: 10    Spells: 4/7 levels left

rFire    . . .     SeeInvis .     - Unarmed
rCold    . . .     Gourm    .   f - +2 large shield
rNeg     + . .     Faith    .   b - +0 robe
rPois    ∞         Spirit   .   (no helmet)
rElec    +         Reflect  .   (no cloak)
rCorr    .         Harm     .   (no gloves)
MR       .....                  (no boots)
Stlth    +.........             (no amulet)
HPRegen  0.08/turn              (no ring)
MPRegen  0.10/turn              (no ring)

@: no status effects
A: negative energy resistance 1, electricity resistance, unbreathing,
petrification resistance, rot immunity, AC +3
a: no special abilities


You were on level 3 of the Dungeon.
You were not hungry.

You visited 1 branch of the dungeon, and saw 3 of its levels.

You collected 115 gold pieces.

Inventory:

Hand Weapons
 j - a +0 hunting sling
Missiles
 a - 12 arrows
 k - 40 stones
 q - 16 bolts
 s - 8 boomerangs
 t - 2 javelins
 x - 31 poisoned darts (quivered)
Armour
 b - a +0 robe (worn)
 f - a +2 large shield (worn)
Jewellery
 m - an uncursed amulet of harm {unknown}
 w - an uncursed amulet of the acrobat {unknown}
 y - a cursed ring of positive energy {unknown}
Scrolls
 c - a scroll of random uselessness {unknown}
 h - 2 scrolls of amnesia {unknown}
 i - a scroll of fog {unknown}
 l - a scroll of teleportation {unknown}
 n - a scroll of immolation {unknown}
 p - 7 scrolls of identify {unknown}
 r - a scroll of enchant armour {unknown}
Potions
 e - a potion of haste {unknown}
 g - a potion of mutation {unknown}
 o - a potion of heal wounds {unknown}
 u - a potion of brilliance {unknown}
 v - a potion of lignification {unknown}
 z - a potion of curing {unknown}
Comestibles
 d - 4 rations
 A - 2 chunks of flesh


   Skills:
 - Level 1.1 Fighting
 - Level 1.5 Dodging
 + Level 3.6 Unarmed Combat
 - Level 2.0 Spellcasting
 * Level 3.0 Transmutations


You had 4 spell levels left.
You knew the following spells:

 Your Spells              Type           Power        Failure   Level  Hunger
a - Beastly Appendage     Tmut           ##....       86%         1    #......
b - Sticks to Snakes      Tmut           ##......     94%         2    ###....

Your spell library contained the following spells:

 Spells                   Type           Power        Failure   Level  Hunger
 Spider Form              Tmut/Pois      #.........   100%        3    ###....
 Ice Form                 Ice/Tmut       #.......     100%        4    #####..
 Blade Hands              Tmut           ##........   100%        5    ######.


Dungeon Overview and Level Annotations

Branches:
Dungeon (3/15)

Altars:


Innate Abilities, Weirdness & Mutations

You are resistant to torment.
Your stone body is resilient. (AC +3)
You are immune to poison.
You resist negative energy. (rN+)
You are resistant to electric shocks. (rElec)
You can survive without breathing.
You are immune to petrification.
You are immune to rotting.


Message History

The jelly is moderately wounded.
You block the jelly's attack.
You hit the jelly but do no damage.
Your hands burn!
The jelly is moderately wounded.
You block the jelly's attack. The jelly completely misses you.
You hit the jelly.
Your hands burn!
The jelly is heavily wounded.
The jelly closely misses you.
You hit the jelly but do no damage.
Your hands burn!
The jelly is heavily wounded.
The jelly hits you.
You are splashed with acid!
* * * LOW HITPOINT WARNING * * *
You are too injured to fight recklessly!
Okay, then.
You are no longer corroded.
The jelly jiggles.
The jelly hits you.
* * * LOW HITPOINT WARNING * * *
You are splashed with acid!
You die...

#....##.........#########
#........................
#....##.#..)<......######
#....##.....##.###.#
#....####.#....# #.######
#....# #.########o#...o.
#....# ##.####.....#.####
#####....###..........##o####
#...........@........o##....#
#.###....##.J.........#####.#
#.# ##.####..........g#####o#
#.# #.# #...........##.o...
#.####.####...........##.##..
#.....>..................##..
#####...###...........##..###
#......# #.############..# #
#......# #.# #....


You could see a jelly.

Vanquished Creatures
  An adder (D:1)
  A worm (D:3)
  A dart slug (D:1)
  A leopard gecko (D:1)
  5 orcs
  A giant cockroach (D:1)
  4 goblins
  5 hobgoblins
  2 jackals (D:1)
  5 kobolds
  A quokka (D:2)
  A ball python (D:3)
  3 bats
  A frilled lizard (D:3)
  7 rats
39 creatures vanquished.

Notes
Turn   | Place    | Note
-------+----------+-------------------------------------------
     0 | D:1      | night the Gargoyle Transmuter began the quest for the Orb.
     0 | D:1      | Reached XP level 1. HP: 12/12 MP: 3/3
   183 | D:1      | Reached XP level 2. HP: 12/16 MP: 5/5
  1125 | D:1      | Reached XP level 3. HP: 10/20 MP: 6/6
  1279 | D:1      | Learned a level 2 spell: Sticks to Snakes
  2747 | D:2      | Reached XP level 4. HP: 14/25 MP: 7/7
  3066 | D:3      | Splashed by a jelly's acid

Levels and vault maps discovered:
D:1:      dpeg_arrival_chambers_temple_mockup, layout_loops_corners
D:2:      layout_rooms
D:3:      layout_basic, first_ration, wad_floor_pattern_untrapped,
          serial_bayou_pond_c, minmay_circle_x

Skill      XL: |  1  2  3 |
---------------+----------+-----
Transmutations | 2 3 |  3.0
Fighting       | |  1.1
Dodging        | |  1.5
Unarmed Combat | |  3.6
Spellcasting   | |  2.0

Action                   |  1- 3 |  4- 6 || total
-------------------------+-------+-------++-------
Melee: Unarmed           |   213 |    12 ||   225
       Kick              |     2 |       ||     2
Throw: Dart              |    17 |       ||    17
 Cast: Beastly Appendage |     2 |       ||     2
  Eat: Chunk             |     5 |     2 ||     7
Armor: Robe              |    34 |     3 ||    37
Dodge: Dodged            |    59 |     7 ||    66
Block: Large shield      |   119 |     3 ||   122

Table legend:
 A = Non-vault XP
 B = Vault XP
 C = Vault XP percentage of total XP
 D = Non-vault monster count
 E = Vault monster count
 F = Vault count percentage of total count
                 A         B        C        D         E       F
            +---------+---------+-------+---------+---------+-------
      Total |      83 |       5 |   5.7 |      37 |       2 |   5.1
            +---------+---------+-------+---------+---------+-------
        D:1 |      48 |       0 |   0.0 |      20 |       0 |   0.0
        D:2 |      15 |       2 |  11.8 |       8 |       1 |  11.1
        D:3 |      20 |       3 |  13.0 |       9 |       1 |  10.0
            +---------+---------+-------+---------+---------+-------
